 Dungeon Crawl Stone Soup version 0.28.0-53-g5a82cb258f (webtiles) character file.

Game seed: 6056078839850024200

454 diana the Ducker (level 7, -7/45 HPs)
             Began as an Octopode Transmuter on June 4, 2022.
             Mangled by Edmund
             ... wielding a +0 dire flail of protection
              (8 damage)
             ... on level 4 of the Dungeon.
             The game lasted 00:08:43 (4916 turns).

diana the Ducker (Octopode Transmuter)              Turns: 4916, Time: 00:08:43

Health: -7/45      AC:  2    Str:  9    XL:     7   Next: 5%
Magic:  10/11      EV: 26    Int: 18    God:
Gold:   113        SH:  0    Dex: 17    Spells: 6/12 levels left

rFire   . . .      SeeInvis .     - Unarmed
rCold   . . .      Faith    .   (shield currently unavailable)
rNeg    . . .      Spirit   .   (helmet currently unavailable)
rPois   x          Reflect  .   (no amulet)
rElec   .          Harm     .   g - +4 ring of evasion
rCorr   .          Rampage  .   u - ring of wizardry
Will    .....                   (no ring)
Stlth   ++........              (no ring)
HPRegen 0.15/turn               (no ring)
MPRegen 0.12/turn               (no ring)
                                (no ring)
                                (no ring)

@: spider-form (expiring), on berserk cooldown, slowed, very slow
A: venomous fangs, almost no armour, (amphibious), 8 rings, tiny, (camouflage
1), (gelatinous body 1), (nimble swimmer 1), (tentacles)
a: End Transformation


You were on level 4 of the Dungeon.
You were a venomous arachnid creature.
You visited 1 branch of the dungeon, and saw 4 of its levels.

You collected 113 gold pieces.

Inventory:

Jewellery
 g - a +4 ring of evasion (left front leg)
 u - a ring of wizardry (right front leg)
Scrolls
 a - 2 scrolls of fog {unknown}
 b - 4 scrolls of identify {unknown}
 c - 3 scrolls of immolation {unknown}
 f - a scroll of noise {unknown}
 h - 3 scrolls of teleportation {unknown}
 k - a scroll of vulnerability {unknown}
 l - a scroll of magic mapping {unknown}
 q - a scroll of blinking {unknown}
 r - a scroll of holy word {unknown}
 v - a scroll of amnesia {unknown}
Potions
 d - a potion of cancellation {unknown}
 e - a potion of heal wounds {unknown}
 i - a potion of curing {unknown}
 m - a potion of attraction {unknown}
 n - 2 potions of lignification {unknown}
 o - a potion of mutation {unknown}
 p - a potion of resistance {unknown}
 s - a potion of haste {unknown}
 t - a potion of might {unknown}


   Skills:
 - Level 2.0 Fighting
 * Level 4.7 Dodging
 - Level 4.0 Unarmed Combat
 + Level 3.3 Spellcasting
 + Level 3.7 Transmutations
 + Level 1.0 Poison Magic


You had 6 spell levels left.
You knew the following spells:

 Your Spells              Type           Power      Damage    Failure   Level
a - Beastly Appendage     Tmut           32%        N/A       4%          1
b - Wereblood             Tmut           16%        N/A       6%          2
c - Spider Form           Tmut/Pois      11%        N/A       16%         3

Your spell library contained the following spells:

 Spells                   Type           Power      Damage    Failure   Level
 Shock                    Conj/Air       8%         1d3       14%         1
 Swiftness                Air            2%         N/A       32%         3
 Ice Form                 Ice/Tmut       9%         N/A       45%         4
 Airstrike                Air            1%         N/A       67%         4
 Passage of Golubria      Tloc           2%         N/A       67%         4
 Silence                  Hex/Air        1%         N/A       92%         5
 Lehudib's Crystal Spear  Conj/Erth      1%         10d2      100%        8


Dungeon Overview and Level Annotations

Branches:
Dungeon (4/15)
 Temple: D:4-7

Altars:

Annotations:
D:4 3 runed translucent doors, Edmund; SHADDY's ghost, amateur DrTm


Innate Abilities, Weirdness & Mutations

You are a venomous arachnid creature.
You have poisonous fangs.
You are tiny and dextrous.
Your spellcasting is less reliable in this form.
Your armour is entirely melded.
You are incapable of wielding weapons or throwing items.
You cannot wear most types of armour.
((You are amphibious.))
You can wear up to eight rings at the same time.
((Your skin changes colour to match your surroundings (Stealth+).))
((Your rubbery body absorbs attacks. (AC +1, EV +1)))
((You are camouflaged when in or above water. (Stealth+)))
((You have tentacles for arms and can constrict up to eight enemies at once.))


Message History

You hit Edmund but do no damage.
Edmund looks as sick as possible!
Edmund is lightly wounded.
Edmund hits you with a +0 dire flail of protection.
You hit Edmund.
Edmund looks as sick as possible!
Edmund is lightly wounded.
Edmund hits you with a +0 dire flail of protection.
You hit Edmund but do no damage.
Edmund looks as sick as possible!
Edmund is moderately wounded.
Edmund drinks a potion.
Edmund goes berserk!
You bite Edmund!
Edmund looks as sick as possible!
Edmund is heavily wounded.
Edmund completely misses you.
You hit Edmund.
Edmund is heavily wounded.
Edmund hits you with a +0 dire flail of protection!
Edmund closely misses you. Edmund completely misses you.
Your transformation is almost over.
Edmund closely misses you.
Edmund hits you with a +0 dire flail of protection!!
* * * LOW HITPOINT WARNING * * *
Okay, then.
Okay, then.
A red film seems to cover your vision as you go berserk!
You feel yourself moving faster!
You feel mighty! Edmund misses you.
You feel a strong urge to attack something.
You feel your anger nearly subside.
You are no longer berserk.
You are exhausted.
You feel yourself slow down.
Edmund rages.
You barely miss Edmund.
Edmund is almost dead.
Edmund misses you.
Edmund hits you with a +0 dire flail of protection.
* * * LOW HITPOINT WARNING * * *
Unknown command.
You hit Edmund but do no damage.
Edmund is almost dead.
Edmund hits you with a +0 dire flail of protection!
You die...

#.# #.###..##...#o#... ##.## #(#
#.# ##......#o.##. ##..# ##.##
#.# #.###..#o.#8. #...#
#...####.####.###..#o.##. ##..###
<..................#o.... #......
#...####.########.8#########..###
##.## #.# #####...##....... #.#
#.#########............###
#.#####.#......s@.##...##....###
#..)........#########.###.......
#######.#...# #.# #....###
#.##### #.# ##...#.. #.##########
#)####.#.'.8
#..........####..).....#..
##########....รท).)...#.###
#############... ###


You could see Edmund (berserk, very poisoned).

Vanquished Creatures
  A necrophage (D:4)
  Jessica (D:2)
  2 iguanas (D:4)
  Terence (D:3)
  An orc wizard (D:4)
  8 adders
  4 gnolls (D:3)
  A white imp (D:3)
  2 adder skeletons (D:4)
  2 worms
  A dart slug (D:4)
  15 orcs
  5 ball pythons
  8 endoplasms
  3 giant cockroaches
  9 goblins
  4 hobgoblins
  7 jackals
  4 quokkas
  5 bats
  4 frilled lizards (D:1)
  12 kobolds
  4 rats
104 creatures vanquished.

Notes
Turn   | Place    | Note
-------+----------+-------------------------------------------
     0 | D:1      | diana the Octopode Transmuter began the quest for the Orb.
     0 | D:1      | Reached XP level 1. HP: 13/13 MP: 3/3
   393 | D:1      | Reached XP level 2. HP: 18/18 MP: 3/5
  1300 | D:2      | Reached XP level 3. HP: 16/23 MP: 4/6
  1857 | D:2      | Noticed Terence
  1862 | D:2      | Noticed Jessica
  1884 | D:2      | Killed Jessica
  1885 | D:2      | Reached XP level 4. HP: 10/29 MP: 5/7
  2428 | D:2      | Learned a level 2 spell: Wereblood
  3188 | D:3      | Killed Terence
  3189 | D:3      | Reached XP level 5. HP: 17/34 MP: 8/8
  3847 | D:3      | Found a faded altar of an unknown god.
  4149 | D:4      | Noticed Edmund
  4153 | D:4      | Noticed a necrophage
  4162 | D:4      | Killed a necrophage
  4163 | D:4      | Reached XP level 6. HP: 32/39 MP: 8/10
  4365 | D:4      | Found a runed translucent gate.
  4382 | D:3      | Learned a level 3 spell: Spider Form
  4582 | D:4      | Reached XP level 7. HP: 39/45 MP: 11/11
  4596 | D:4      | Reached skill level 1 in Poison Magic
  4848 | D:4      | Found a runed translucent gate.
  4850 | D:4      | Found a runed translucent gate.
  4851 | D:4      | Noticed SHADDY's ghost (amateur DrTm)
  4862 | D:4      | Identified the +3 hand axe "Aubergine" {vorpal, Dex+4}
  4910 | D:4      | HP: 1/45 [Edmund/+0 dire flail of protection (21)]
  4915 | D:4      | HP: 1/45 [Edmund/+0 dire flail of protection (1)]
  4916 | D:4      | Mangled by Edmund

Illustrated notes

Levels and vault maps discovered:
D:1:      roderic_dead_forest, layout_basic
D:2:      layout_basic, kennysheep_generic_room_11, uniq_terence, uniq_jessica
D:3:      layout_rooms, basic_ecumenical_altar, corexii_hall_statues_l
D:4:      layout_loops_ring, biasface_ghost_orc_armoury, minmay_misc_feat_room,
          uniq_edmund

Skill      XL: |  1  2  3  4  5  6  7 |
---------------+----------------------+-----
Dodging        | 3 4 |  4.7
Fighting       | 2 |  2.0
Transmutations | 3 |  3.7
Spellcasting   | 3 |  3.3
Unarmed Combat | 4 |  4.0
Poison Magic   | 1 |  1.0

Action                   |  1- 3 |  4- 6 |  7- 9 || total
-------------------------+-------+-------+-------++-------
Melee: Unarmed           |    73 |   190 |    30 ||   293
       Constrict         |    16 |    52 |     8 ||    76
       Kick              |    12 |    41 |       ||    53
       Tentacles         |    12 |    56 |     9 ||    77
       Punch             |     5 |     5 |       ||    10
 Cast: Beastly Appendage |    12 |    18 |       ||    30
       Wereblood         |       |     4 |     1 ||     5
       Spider Form       |       |       |     1 ||     1
  Use: Potion            |       |       |     1 ||     1
 Stab: Sleeping          |     5 |     4 |     2 ||    11
       Distracted        |     1 |       |       ||     1
Armor: Skin              |     4 |     6 |     3 ||    13
Dodge: Dodged            |    42 |   132 |    18 ||   192
